 Dungeon Crawl Stone Soup version 0.31.0-11-ge490571c62 (webtiles) character file.

Game seed: 1186795249500220948

666 RustandSilver the Ruffian (level 7, -2/66 HPs)
             Began as a Troll Gladiator on Jan 27, 2024.
             Was a Believer of Makhleb.
             Slain by a killer bee (5 damage)
             ... on level 5 of the Dungeon.
             The game lasted 00:11:47 (4465 turns).

RustandSilver the Ruffian (Troll Gladiator)         Turns: 4465, Time: 00:11:48

Health: -2/66      AC:  4    Str: 21 (23) XL:     7   Next: 31%
Magic:  6/6        EV: 10    Int:  3 (4)  God:    Makhleb [**....]
Gold:   257        SH:  0    Dex:  8 (11) Spells: 6/6 levels left

rFire   . .          .
                       - Unarmed
rCold   . . .        (no shield)
rNeg    . . .        a - +0 robe
rPois   .            b - +0 hat
rElec   .            (no cloak)
rCorr   .            (gloves unavailable)
SInv    .            (boots unavailable)
Will    .....        (no amulet)
Stlth   +            (no ring)
HPRegen 1.11/turn    (no ring)
MPRegen 0.10/turn

%: no passive effects
@: lethally poisoned (-2 -> -6)
A: large, unfitting armour, claws 3, regeneration 1, shaggy fur 1, tough skin 1,
hooves 1, weak 1, inability to drink after injury 1
a: Renounce Religion, Minor Destruction


You were on level 5 of the Dungeon.
You worshipped Makhleb.
Makhleb was pleased with you.
You visited 2 branches of the dungeon, and saw 6 of its levels.

You collected 257 gold pieces.

Inventory:

Missiles
 c - 3 throwing nets (quivered)
 d - 5 large rocks
Armour
 a - a +0 robe (worn)
 b - a +0 hat (worn)
Jewellery
 f - a ring of flight
Scrolls
 n - a scroll of revelation {unknown}
 o - 2 scrolls of fog
 t - a scroll of identify
Potions
 g - a potion of cancellation
 h - a potion of attraction
 m - a potion of lignification


   Skills:
 + Level 2.4 Fighting
 + Level 1.9 Throwing
 + Level 4.4 Dodging
 + Level 0.8 Stealth
 + Level 6.5 Unarmed Combat
 + Level 0.1 Invocations


You had 6 spell levels left.
You didn't know any spells.
Your spell library contained the following spells:

 Spells                   Type           Power      Damage    Failure   Level
 Volatile Blastmotes      Fire/Tloc      0%         2d10      88%         3
 Fulminant Prism          Conj/Alch      0%         3d5       99%         4
 Iskenderun's Mystic Bla  Conj/Tloc      0%         2d3       99%         4


Dungeon Overview and Level Annotations

Branches:
Dungeon (5/15)             Temple (1/1) D:4

Altars:
Ashenzari
Cheibriados
Dithmenos
Elyvilon
Fedhas
Gozag
Hepliaklqana
Makhleb
Nemelex Xobeh
Okawaru
Qazlal
Ru
Sif Muna
Trog
Wu Jian
Zin
The Shining One


Innate Abilities, Weirdness & Mutations

You are too large for most types of armour.
You have claws for hands.
Your natural rate of healing is unusually fast.
You are covered in fur. (AC +1)
You have tough skin. (AC +1)
You have large cloven feet.
You are weak. (Str -2)
You occasionally lose the ability to drink potions when taking damage.


Message History

The killer bee poisons you!
You barely miss the killer bee. Your kick misses the killer bee.
The killer bee is lightly wounded.
You feel very sick. The killer bee stings you! The killer bee stings you.
You claw the killer bee! Your kick misses the killer bee.
The killer bee is almost dead.
You feel sick. The killer bee stings you!
* * * LOW HITPOINT WARNING * * *
The killer bee stings you but does no damage.
You claw the killer bee!
You kill the killer bee!
Makhleb accepts your kill.
You feel sick. The killer bee closely misses you.
You barely miss the killer bee.
The killer bee is lightly wounded.
You feel sick. The killer bee stings you.
* * * LOW HITPOINT WARNING * * *
You feel much better.
You feel sick. The killer bee barely misses you. The killer bee stings you.
You are more poisoned.
The killer bee poisons you!
Okay, then.
You feel very sick.
The killer bee attacks as it pursues you!
The killer bee closely misses you. The killer bee stings you.
* * * LOW HITPOINT WARNING * * *
You are more poisoned.
The killer bee poisons you!
* * * LOW HITPOINT WARNING * * *
You feel very sick.
The killer bee attacks as it pursues you!
The killer bee stings you but does no damage.
The killer bee stings you.
* * * LOW HITPOINT WARNING * * *
* * * LOW HITPOINT WARNING * * *
You feel very sick.
The killer bee attacks as it pursues you!
The killer bee stings you.
You die...

#..# #.# #.###
#.yS# ###s#
#y# #.# #y#
#@### #...####
###....## # .#
#.....# # ..
#.....##.# #
#.# #........#
# #..
##.......# ###
####..#
#.##...## #<#
#......#####.#
.### #.#


You could see a scorpion, 3 killer bees and an adder.

Vanquished Creatures
  2 ogres (D:5)
  A scorpion (D:5)
  2 killer bees (D:5)
  A centaur zombie (D:3)
  2 bombardier beetles
  A jelly (D:5)
  An orc priest (D:4)
  A hound (D:5)
  3 gnolls (D:4)
  6 adders
  A white imp (D:5)
  An adder skeleton (D:3)
  2 dart slugs
  5 orcs
  8 endoplasms
  A giant cockroach (D:1)
  4 goblins
  9 hobgoblins
  7 jackals
  A quokka (D:3)
  4 ball pythons
  7 bats
  3 frilled lizards
  4 kobolds
  7 rats
84 creatures vanquished.

Vanquished Creatures (others)
  A ribbon worm (D:5)
  A dart slug (D:5)
2 creatures vanquished.

Grand Total: 86 creatures vanquished

Notes
Turn   | Place    | Note
-------+----------+-------------------------------------------
     0 | D:1      | RustandSilver the Troll Gladiator began the quest for the
                  | Orb.
     0 | D:1      | Reached XP level 1. HP: 19/19 MP: 0/0
   229 | D:1      | Reached XP level 2. HP: 23/27 MP: 1/1
   445 | D:1      | Found a faded altar of an unknown god.
   460 | D:1      | Prayed at the altar of an unknown god.
   460 | D:1      | Became a worshipper of Makhleb the Destroyer
   460 | D:1      | Reached * piety under Makhleb
   534 | D:1      | You fall into a shaft and drop 1 floor!
   687 | D:2      | Reached XP level 3. HP: 33/33 MP: 2/2
   792 | D:2      | Found a burning altar of Makhleb.
  1217 | D:3      | Reached XP level 4. HP: 42/42 MP: 3/3
  1267 | D:3      | Reached ** piety under Makhleb
  1270 | D:3      | Found a glowing golden altar of the Shining One.
  1273 | D:3      | Found a snail-covered altar of Cheibriados.
  1279 | D:3      | Found an iron altar of Okawaru.
  1340 | D:3      | Reached skill level 4 in Unarmed Combat
  1551 | D:3      | Found an opulent altar of Gozag.
  1551 | D:3      | Found a sparkling altar of Nemelex Xobeh.
  1878 | D:3      | Reached XP level 5. HP: 47/49 MP: 4/4
  2089 | D:4      | Reached skill level 5 in Unarmed Combat
  2099 | D:4      | Found a staircase to the Ecumenical Temple.
  2105 | Temple   | Entered the Ecumenical Temple
  4276 | D:5      | Entered Level 5 of the Dungeon
  4279 | D:5      | Reached XP level 6. HP: 57/57 MP: 5/5
  4365 | D:5      | Reached skill level 6 in Unarmed Combat
  4370 | D:5      | Gained mutation: You occasionally lose the ability to drink
                  | potions when taking damage. [potion of mutation]
  4370 | D:5      | Gained mutation: You are weak. (Str -2) [potion of
                  | mutation]
  4370 | D:5      | Gained mutation: You have large cloven feet. [potion of
                  | mutation]
  4385 | D:5      | Reached XP level 7. HP: 65/65 MP: 6/6
  4465 | D:5      | HP: 3/66 [poisoned by a killer bee]
  4465 | D:5      | Slain by a killer bee

Illustrated notes

Levels and vault maps discovered:
D:1:      orjb1_lava_funnel, layout_basic, shapermc_ecumenical_altar_notcrosses,
          minmay_pentomino_p4
D:2:      layout_basic, basic_altar, hex_intersection, nicolae_titane
D:3:      layout_loops_corners, grunt_temple_overflow_opulence,
          minmay_overflow_temple_star_quad, serial_undead, serial_undead_b,
          serial_undead_f, serial_undead_c, serial_undead_c
D:4:      layout_basic, minmay_temple_entry_gardened_gates, lemuel_flame_loot_1
D:5:      minmay_spotlight, layout_basic, minmay_splitting_lines
Temple:   hellmonk_temple_of_storms

Skill      XL: |  1  2  3  4  5  6 |
---------------+-------------------+-----
Dodging        | 3 4 |  4.4
Unarmed Combat | 4 5 6 |  6.5
Fighting       | 2 |  2.4
Throwing       | |  1.9
Stealth        | |  0.8
Invocations    | |  0.1

Action                     |  1- 3 |  4- 6 |  7- 9 || total
---------------------------+-------+-------+-------++-------
  Melee: Unarmed           |   125 |    90 |    18 ||   233
         Punch             |     1 |     5 |       ||     6
 Invoke: Minor Destruction |       |     1 |     1 ||     2
    Use: Scroll            |       |     9 |       ||     9
         Potion            |       |     9 |     2 ||    11
   Stab: Sleeping          |     1 |       |       ||     1
 Armour: Robe              |   129 |    60 |    33 ||   222
         Skin              |       |    44 |       ||    44
  Dodge: Dodged            |   101 |    45 |    26 ||   172
